 Dungeon Crawl Stone Soup version 0.24-a0-530-g18ba70b503 (webtiles) character file.

Game seed: 9687458732715947927

21287 Gargoyl the Distorting Centaur (level 12, -5/135 HPs)
             Began as a Centaur Abyssal Knight on Aug 6, 2019.
             Was a Believer of Lugonu.
             Slain by a dire elephant (9 damage)
             ... on level 2 of the Lair of Beasts on Aug 7, 2019.
             The game lasted 00:35:03 (19293 turns).

Gargoyl the Distorting Centaur (CeAK)              Turns: 19293, Time: 00:35:03

Health: -5/135     AC: 19    Str: 24    XL:     12   Next: 52%
Magic:  16/19      EV: 14    Int: 13    God:    Lugonu [**....]
Gold:   540        SH: 12    Dex: 17    Spells: 11/11 levels left

rFire    + . .     SeeInvis .   B - +2 war axe (freeze)
rCold    . . .     Gourm    .   A - +2 shield {rF+}
rNeg     + . .     Faith    .   z - +5 scale mail "Hyloid" {rN+ Regen+ Str+2}
rPois    .         Spirit   .   u - +1 helmet
rElec    .         Reflect  .   t - +0 cloak
rCorr    .         Harm     .   n - +1 pair of gloves
MR       +....                  (no barding)
Stlth    ..........             (no amulet)
HPRegen  0.00/turn              q - ring of stealth
MPRegen  0.16/turn              (no ring)

@: mighty, agile, berserking, quick
A: large, hooves 3, clever 1, deformed body, speed 2, frail 1, magic resistance
1, inhibited regeneration, tough skin 3
a: Depart the Abyss, Bend Space, Renounce Religion


You were on level 2 of the Lair of Beasts.
You worshipped Lugonu.
Lugonu was pleased with you.
You were very hungry.

You visited 2 branches of the dungeon, and saw 13 of its levels.
You visited the Abyss 3 times.
You also visited: Bailey and Volcano.

You collected 996 gold pieces.
You spent 456 gold pieces at shops.

Inventory:

Hand Weapons
 a - a +2 hand axe of freezing
 v - a +0 broad axe
 B - a +2 war axe of freezing (weapon)
Missiles
 p - 16 javelins (quivered)
Armour
 n - a +1 pair of gloves (worn)
 t - a +0 cloak (worn)
 u - a +1 helmet (worn)
 w - a +2 plate armour of fire resistance
 z - the +5 scale mail "Hyloid" (worn) {rN+ Regen+ Str+2}
   (You found it on level 8 of the Dungeon)

   It affects your strength (+2).
   It protects you from negative energy.
   It increases your rate of regeneration.
 A - a +2 shield of fire resistance (worn)
 F - a +0 chain mail of magic resistance
Jewellery
 g - an uncursed ring of protection from magic {unknown}
 q - a ring of stealth (left hand)
 y - an uncursed ring of fire {unknown}
Wands
 d - a wand of flame (29)
 o - a wand of polymorph (6)
 r - a wand of paralysis (8)
Scrolls
 e - 4 scrolls of remove curse
 f - 2 scrolls of summoning
 i - a scroll of blinking
 k - 3 scrolls of teleportation
 l - a scroll of fear
 m - 11 scrolls of identify
 x - a scroll of fog
Potions
 b - 2 potions of magic
 j - 3 potions of agility
 s - a potion of invisibility
 C - 2 potions of lignification
 D - 2 potions of resistance
Comestibles
 c - 22 rations


   Skills:
 + Level 7.4 Fighting
 + Level 9.3(9.5) Axes
   Level 3.0(6.6) Polearms
 + Level 2.8 Throwing
 * Level 8.7 Armour
 * Level 6.1 Dodging
 + Level 2.6 Shields
 * Level 10.3 Invocations


You had 11 spell levels left.
You didn't know any spells.
Your spell library contained the following spells:

 Spells                   Type           Power        Failure   Level  Hunger
 Corona                   Hex            #......      95%         1    ##.....
 Flame Tongue             Conj/Fire      #....        95%         1    ##.....
 Ensorcelled Hibernation  Hex/Ice        #.....       99%         2    ###....
 Slow                     Hex            #.......     99%         2    ###....
 Throw Flame              Conj/Fire      #.....       99%         2    ###....
 Confuse                  Hex            #.......     100%        3    ####...
 Conjure Flame            Conj/Fire      #.......     100%        3    ####...
 Dazzling Spray           Conj/Hex       #.....       100%        3    ####...
 Inner Flame              Hex/Fire       #.......     100%        3    ####...
 Portal Projectile        Hex/Tloc       #.....       100%        3    ####...
 Tukima's Dance           Hex            #.......     100%        3    ####...
 Cause Fear               Hex            #.........   100%        4    #####..
 Leda's Liquefaction      Hex/Erth       #.........   100%        4    #####..
 Sticky Flame             Conj/Fire      #.......     100%        4    #####..
 Fireball                 Conj/Fire      #.........   100%        5    ######.


Dungeon Overview and Level Annotations

Branches:
Dungeon (11/15)            Temple (0/1) D:6            Lair (2/6) D:11
 Spider (0/4) Lair:2          Orc (0/2) D:9
  Swamp: Lair:2-4    Shoals: Lair:2-4

Altars:
Hepliaklqana
Makhleb
Nemelex Xobeh
Okawaru
Uskayaw
Vehumet
Wu Jian
Zin
Beogh

Shops:
D:4 *   D:6 **   D:7 !   D:9 %   D:10 %

Annotations:
D:6 4 runed translucent doors


Innate Abilities, Weirdness & Mutations

You have hooves in place of feet.
Armour fits poorly on your strangely shaped body.
You cover ground very quickly.
You have extremely tough skin. (AC +3)
Your mind is acute. (Int +2)
You are frail. (-10% HP)
You are resistant to hostile enchantments. (MR+)
You do not regenerate when monsters are visible.


Message History

* * * LOW HITPOINT WARNING * * *
You hold your ground!
The dire elephant trunk-slaps you.
* * * LOW HITPOINT WARNING * * *
You hit the dire elephant. You freeze the dire elephant.
The dire elephant is lightly wounded.
You slash the plant! You freeze the plant.
Unknown command.
You slash the dire elephant! You freeze the dire elephant.
The dire elephant is moderately wounded.
You hit the plant. You freeze the plant. The dire elephant tramples you!!
* * * LOW HITPOINT WARNING * * *
You hold your ground!
You block the dire elephant's attack.
Unknown command.
You slash the dire elephant! You freeze the dire elephant.
You kick the dire elephant!
The dire elephant is moderately wounded.
You hit the plant but do no damage. The dire elephant tramples you!
* * * LOW HITPOINT WARNING * * *
You hold your ground!
The dire elephant trunk-slaps you!
You die...

......... ≈≈≈≈≈≈≈≈....♣♣
........♣ .≈≈≈≈≈≈......♣
......... .≈≈≈≈≈.......♣
#........ .≈≈≈≈≈≈P.....♣♣
÷#....... ..P≈≈≈≈≈≈.[...♣
......... P≈≈≈≈≈≈...P♣ .#......♣
♣♣♣♣ ♣♣♣♣♣≈≈≈≈≈...♣ ........♣
♣♣♣♣≈≈♣♣♣P≈♣♣≈≈≈P≈...♣
##......♣♣♣≈≈≈≈Y@PP≈≈≈≈≈≈≈≈≈...♣
.......♣♣♣≈≈≈≈≈≈≈≈≈≈≈≈≈≈≈≈≈...♣♣
..>..... ♣≈≈≈≈≈≈≈♣≈♣♣≈≈≈≈≈♣♣.♣♣
#P#...#♣ ♣≈≈♣♣##♣♣♣♣.♣♣♣#♣♣.#♣
### ### #'## ##.# ##.# #†≈# ####
#### #§≈≈;≈≈# ;l≈≈# ≈≈Y8#
#≈≈≈≈≈≈≈# ≈≈≈#≈≈##≈.((#
#≈≈≈##≈≈≈≈≈≈##≈≈#≈≈.=$#


You could see a dire elephant.

Vanquished Creatures
  3 two-headed ogres
  A catoblepas (Lair:2)
  Urug (D:10)
  A lindwurm (Volcano)
  A deep elf mage (D:11)
  An ugly thing (D:11)
  A cyclops (D:11)
  A black mamba (Lair:1)
  A molten gargoyle (Volcano)
  3 spiny frogs
  A kobold demonologist (D:11)
  A rime drake (Lair:2)
  A komodo dragon (Lair:2)
  3 trolls
  A hornet (D:8)
  7 hippogriffs
  6 yaks
  Grum (D:10)
  A basilisk (Lair:2)
  A wraith (D:11)
  A fire elemental (Volcano)
  3 wyverns (Lair:2)
  A hungry ghost (D:10)
  3 water moccasins
  2 soldier ants (D:8)
  An acid dragon (D:11)
  6 porcupines
  3 ice beasts
  4 black bears
  6 orc warriors
  4 phantoms
  4 sky beasts
  2 eyes of draining
  7 ogres
  2 wolves (D:10)
  3 centaurs (D:5)
  6 crocodiles
  A big kobold (D:11)
  3 bullfrogs
  3 earth elementals (Volcano)
  2 wyvern skeletons
  3 scorpions
  9 killer bees
  13 wights
  2 electric eels (Lair:1)
  12 crimson imps
  7 hounds
  2 bullfrog zombies (D:11)
  3 bullfrog skeletons
  2 jellies (D:9)
  6 orc priests
  A centaur zombie (D:8)
  21 orc wizards
  3 iguanas
  Jessica (D:2)
  9 worker ants
  Natasha (thrice) (D:2)
  11 gnolls
  12 adders
  5 river rats (D:6)
  3 oozes
  4 adder zombies
  3 worms
  2 dart slugs
  7 leopard geckos
  69 orcs
  6 bats
  6 giant cockroaches
  7 goblins
  11 hobgoblins
  16 jackals
  5 quokkas
  2 ball pythons (D:2)
  A ball python zombie (D:5)
  6 frilled lizards
  16 kobolds
  2 leopard gecko skeletons
  7 rats
402 creatures vanquished.

Vanquished Creatures (collateral kills)
  An iron imp (Abyss:3)
  A small abomination (Abyss:3)
2 creatures vanquished.

Vanquished Creatures (others)
  A lindwurm (Volcano)
  2 molten gargoyles (Volcano)
  A spiny frog (Lair:1)
  A hornet (D:8)
  A redback (Lair:1)
  2 electric eels
  An orc wizard (D:6)
  2 bushes (D:11)
  A fire vortex (Volcano)
  A fungus (D:11)
  5 plants
  8 toadstools (Lair:2)
26 creatures vanquished.

Grand Total: 430 creatures vanquished

Notes
Turn   | Place    | Note
-------+----------+-------------------------------------------
     0 | Abyss:1  | Gargoyl the Centaur Abyssal Knight began the quest for the
                  | Orb.
     0 | Abyss:1  | Reached XP level 1. HP: 19/19 MP: 2/2
    57 | Abyss:2  | Found a corrupted altar of Lugonu.
    94 | Abyss:3  | Noticed an iron imp
   110 | Abyss:3  | Killed an iron imp
   110 | Abyss:3  | Reached XP level 2. HP: 26/26 MP: 3/3
   148 | Abyss:3  | Noticed an apocalypse crab
   157 | Abyss:3  | Noticed a thrashing horror
   158 | Abyss:3  | Noticed a thrashing horror
   160 | D:1      | Escaped the Abyss
   517 | D:1      | Reached XP level 3. HP: 29/33 MP: 4/4
   562 | D:1      | Reached * piety under Lugonu
  1475 | D:2      | Reached XP level 4. HP: 40/40 MP: 5/5
  1484 | D:2      | Found a faded altar of an unknown god.
  1533 | D:2      | Noticed Natasha
  1542 | D:2      | Killed Natasha
  1607 | D:2      | Noticed Jessica
  1611 | D:2      | Killed Jessica
  1611 | D:2      | Reached skill level 1 in Dodging
  1767 | D:2      | Reached skill level 3 in Invocations
  1767 | D:2      | Reached XP level 5. HP: 46/46 MP: 7/7
  1797 | D:2      | Noticed Natasha
  1811 | D:2      | Killed Natasha
  2402 | D:2      | Noticed Natasha
  2411 | D:2      | Killed Natasha
  2510 | D:3      | Reached ** piety under Lugonu
  2955 | D:3      | Reached XP level 6. HP: 10/52 MP: 8/8
  3334 | D:3      | Found a burning altar of Makhleb.
  3334 | D:3      | Noticed a blizzard demon
  4115 | D:4      | Reached skill level 1 in Throwing
  4115 | D:4      | Reached XP level 7. HP: 26/59 MP: 9/9
  4117 | D:4      | Reached *** piety under Lugonu
  4394 | D:4      | Reached skill level 4 in Invocations
  4529 | D:4      | Found Siosir's Assorted Antiques.
  5471 | D:4      | Reached skill level 1 in Shields
  5802 | D:5      | Entered Level 5 of the Dungeon
  5819 | D:5      | Reached XP level 8. HP: 52/67 MP: 11/11
  7701 | D:6      | Found a large runed translucent door.
  7701 | D:6      | Found a large runed translucent door.
  7708 | D:6      | Found a large runed translucent door.
  7708 | D:6      | Found a large runed translucent door.
  7709 | D:6      | Noticed a skeletal warrior
  7709 | D:6      | Noticed a green ugly thing
  7718 | D:6      | Reached skill level 5 in Invocations
  7772 | D:6      | Upgraded the game from 0.24-a0-528-g98e85ec62a to
                  | 0.24-a0-530-g18ba70b503
  7793 | D:6      | Reached skill level 5 in Armour
  7797 | D:6      | Reached skill level 5 in Axes
  8006 | D:6      | Found Boynwiegh's General Store.
  8009 | D:6      | Bought a scroll of brand weapon for 280 gold pieces
  8065 | D:6      | Found Zin's Purification Station.
  8075 | D:6      | Found a glowing silver altar of Zin.
  8105 | D:6      | Reached skill level 5 in Fighting
  8105 | D:6      | Reached XP level 9. HP: 65/74 MP: 11/13
  8179 | D:6      | Found a staircase to the Ecumenical Temple.
  8200 | D:6      | Found a hide-covered altar of Uskayaw.
  8221 | D:6      | Found an ornate altar of the Wu Jian Council.
  8253 | D:5      | HP: 3/74 [poisoned by an orc wizard]
  8254 | D:5      | HP: 1/74 [poisoned by an orc wizard]
  8846 | D:6      | Reached **** piety under Lugonu
  9775 | D:7      | Found Iraidu's Distillery.
  9785 | D:7      | Bought a potion of curing for 48 gold pieces
 10188 | D:7      | Reached skill level 6 in Invocations
 10881 | D:7      | Found a radiant altar of Vehumet.
 11101 | D:8      | Found a flagged portal.
 11110 | Bailey   | Entered a bailey
 11280 | D:8      | Got a bloodstained scale mail
 11291 | D:8      | Identified the +5 scale mail "Hyloid" {rN+ Regen+ Str+2}
                  | (You found it on level 8 of the Dungeon)
 11315 | D:8      | Found a hazy altar of Hepliaklqana.
 11345 | D:8      | Got an encrusted long sword
 11346 | D:8      | Identified the cursed +1 long sword of Slow Death {slice,
                  | Dex+5} (You found it on level 8 of the Dungeon)
 11529 | D:8      | Reached ***** piety under Lugonu
 11666 | D:8      | Found an iron altar of Okawaru.
 11701 | D:8      | Reached XP level 10. HP: 81/82 MP: 14/14
 12138 | D:8      | Paralysed by a hornet for 3 turns
 12272 | D:8      | Escaped the Abyss
 12444 | D:8      | Noticed a two-headed ogre
 12461 | D:8      | Killed a two-headed ogre
 12461 | D:8      | Reached skill level 7 in Invocations
 12722 | D:9      | Found a sparkling altar of Nemelex Xobeh.
 13002 | D:9      | Found Cuano's Food Emporium.
 13044 | D:9      | Noticed a two-headed ogre
 13054 | D:9      | Killed a two-headed ogre
 13297 | D:9      | Gained mutation: You are occasionally teleported next to
                  | monsters. [potion of mutation]
 13297 | D:9      | Gained mutation: You are weak. (Str -2) [potion of
                  | mutation]
 13297 | D:9      | Gained mutation: You are resistant to hostile enchantments.
                  | (MR+) [potion of mutation]
 13310 | D:9      | Got a bone bardiche
 13447 | D:8      | Identified the +6 bardiche of Wyrd {chop, Dex+3} (You found
                  | it on level 9 of the Dungeon)
 13563 | D:9      | Found a staircase to the Orcish Mines.
 13688 | D:9      | Reached XP level 11. HP: 84/89 MP: 16/16
 13777 | D:9      | Reached skill level 8 in Invocations
 13851 | D:9      | Reached skill level 5 in Dodging
 13853 | D:9      | Found a roughly hewn altar of Beogh.
 14081 | D:10     | Entered Level 10 of the Dungeon
 14114 | D:10     | Reached skill level 1 in Polearms
 14191 | D:10     | Noticed Grum
 14205 | D:10     | Killed Grum
 14348 | D:10     | Found Hoekk's Food Shoppe.
 14918 | D:11     | Noticed Urug
 14940 | D:10     | Killed Urug
 15142 | D:11     | Found a staircase to the Lair.
 15147 | D:11     | Noticed a sixfirhy
 15150 | D:11     | Noticed a deep elf mage
 15364 | D:11     | Noticed a sixfirhy
 15370 | D:11     | Noticed a soul eater
 15491 | D:11     | Killed a deep elf mage
 15802 | D:11     | Noticed a two-headed ogre
 15809 | D:11     | Killed a two-headed ogre
 15809 | D:11     | Reached skill level 9 in Invocations
 16315 | D:11     | Noticed a purple ugly thing
 16328 | D:11     | Killed a purple ugly thing
 16565 | Lair:1   | Entered Level 1 of the Lair of Beasts
 16968 | Lair:1   | Found a dark tunnel.
 17026 | Lair:1   | Reached XP level 12. HP: 41/100 MP: 13/18
 17206 | Volcano  | Entered a volcano
 17528 | Volcano  | Escaped the Abyss
 18464 | D:7      | Bought a potion of mutation for 128 gold pieces
 18464 | D:7      | Lost mutation: You are occasionally teleported next to
                  | monsters. [potion of mutation]
 18464 | D:7      | Lost mutation: You are weak. (Str -2) [potion of mutation]
 18464 | D:7      | Gained mutation: You do not regenerate when monsters are
                  | visible. [potion of mutation]
 18464 | D:7      | Gained mutation: You are frail. (-10% HP) [potion of
                  | mutation]
 18464 | D:7      | Gained mutation: Your mind is acute. (Int +2) [potion of
                  | mutation]
 18730 | Lair:2   | Reached skill level 10 in Invocations
 19106 | Lair:2   | Found a hole to the Spider Nest.
 19124 | Lair:2   | Noticed a seven-headed hydra
 19125 | Lair:2   | Banished a seven-headed hydra
 19170 | Lair:2   | Noticed a catoblepas
 19170 | Lair:2   | Noticed a dire elephant
 19221 | Lair:2   | Found a runed translucent door.
 19259 | Lair:2   | Killed a catoblepas
 19293 | Lair:2   | HP: 4/135 [dire elephant (8)]
 19293 | Lair:2   | Slain by a dire elephant

Levels and vault maps discovered:
D:1:      dpeg_arrival_radiant, layout_basic
D:2:      layout_basic, chequers_ecumenical_altar_simple, first_ration,
          kennysheep_cross_bottleneck, uniq_natasha, uniq_jessica
D:3:      layout_loops_cross, makhleb_altar_promises_db
D:4:      layout_cave_pools, serial_shops, shop_coins
D:5:      layout_gridville
D:6:      layout_loops_ring, zin_purify,
          chequers_temple_overflow_statue_of_worship,
          minmay_temple_entry_drinking_statues, lightli_sewer_entry_pipes,
          serial_shops, kennysheep_mini, minmay_hollow_rounded_squares
D:7:      layout_loops_corners, lemuel_round_altar, serial_shops, shop_fountains
D:8:      layout_cave_pods, old_standard_altar, lemuel_round_altar,
          enter_bailey_2, hangedman_pestilent_swarm
D:9:      layout_loops_ring, lemuel_round_altar, david_orc_2, serial_shops,
          shop, special_room [special_room_orc], st_stairs_8
D:10:     layout_roguey, serial_shops, nicolae_shop_trees, uniq_grum
D:11:     layout_basic, minmay_lair_entry_grove, serial_park_tiny_2,
          minmay_misc_feat_tiny, uniq_urug
Lair:1:   layout_loops_ring, lightli_volcano_entry_magma_tube,
          hangedman_lair_unloving_vines, serial_bayou_lake_a
Lair:2:   gammafunk_lair_enchanted_lake, layout_chaotic_city,
          spider_nest_entry_webs

Skill      XL: |  1  2  3  4  5  6  7  8  9 10 11 12 |
---------------+-------------------------------------+-----
Axes           | 2 3 4 5 6 7 8 9 |  9.3
Armour         | 2 3 4 5 6 7 8 |  8.7
Fighting       | 4 5 6 7 |  7.4
Dodging        | 1 2 3 4 5 6 |  6.1
Invocations    | 3 4 5 6 7 9 10 | 10.3
Throwing       | 1 2 |  2.8
Shields        | 1 2 |  2.6
Polearms       | 3 |  3.0

Action                   |  1- 3 |  4- 6 |  7- 9 | 10-12 || total
-------------------------+-------+-------+-------+-------++-------
Melee: Hand axe          |    74 |   210 |   670 |   127 ||  1081
       Kick              |    12 |    48 |   136 |   216 ||   412
       War axe           |       |       |       |   445 ||   445
       Bardiche          |       |       |       |   151 ||   151
Throw: Javelin           |       |    11 |    19 |    14 ||    44
       Boomerang         |       |    15 |       |       ||    15
Invok: Depart the Abyss  |     1 |       |       |     2 ||     3
       Banish            |       |       |       |    13 ||    13
       Enter the Abyss   |       |       |       |     2 ||     2
       Bend Space        |       |       |       |     1 ||     1
  Use: Scroll            |     6 |     5 |     9 |     6 ||    26
       Potion            |       |     1 |     7 |    13 ||    21
 Stab: Distracted        |       |       |     1 |       ||     1
  Eat: Chunk             |       |     8 |    16 |    24 ||    48
       Ration            |       |       |     2 |     1 ||     3
Armor: Scale mail        |    68 |   137 |   429 |   430 ||  1064
Dodge: Dodged            |    52 |    75 |   272 |   326 ||   725
Block: Buckler           |     3 |    30 |   123 |    67 ||   223
       Shield            |       |       |       |    60 ||    60

Table legend:
 A = Non-vault XP
 B = Vault XP
 C = Vault XP percentage of total XP
 D = Non-vault monster count
 E = Vault monster count
 F = Vault count percentage of total count
                 A         B        C        D         E       F
            +---------+---------+-------+---------+---------+-------
      Total |   20010 |   10401 |  34.2 |     324 |      89 |  21.5
            +---------+---------+-------+---------+---------+-------
        D:1 |      50 |       0 |   0.0 |      24 |       0 |   0.0
        D:2 |     186 |      72 |  27.9 |      25 |       2 |   7.4
        D:3 |     276 |       0 |   0.0 |      41 |       0 |   0.0
        D:4 |     764 |       0 |   0.0 |      28 |       0 |   0.0
        D:5 |     836 |       0 |   0.0 |      27 |       0 |   0.0
        D:6 |     719 |     516 |  41.8 |      22 |      14 |  38.9
        D:7 |    1038 |       0 |   0.0 |      24 |       0 |   0.0
        D:8 |    2733 |     714 |  20.7 |      34 |       4 |  10.5
        D:9 |    3127 |     939 |  23.1 |      25 |      34 |  57.6
       D:10 |    1030 |    1367 |  57.0 |      14 |       5 |  26.3
       D:11 |    5080 |    1614 |  24.1 |      38 |      11 |  22.4
     Lair:1 |    2505 |     143 |   5.4 |      13 |       1 |   7.1
     Lair:2 |    1632 |    2780 |  63.0 |       7 |       9 |  56.2
    Abyss:3 |      34 |       0 |   0.0 |       2 |       0 |   0.0
    Volcano |       0 |    2256 | 100.0 |       0 |       9 | 100.0
            +---------+---------+-------+---------+---------+-------
